 Dungeon Crawl Stone Soup version 0.21-a0-344-g2144152 (webtiles) character file.

17948 Amnesiac the Fighter (level 12, -3/97 HPs)
             Began as a Gnoll Monk on Oct 4, 2017.
             Was a High Priest of Ashenzari.
             Slain by a warg (18 damage)
             ... on level 2 of the Orcish Mines.
             The game lasted 00:36:46 (13449 turns).

Amnesiac the Fighter (Gnoll Monk)                  Turns: 13449, Time: 00:36:47

Health: -3/97      AC:  8    Str: 18    XL:     12   Next: 53%
Magic:  19/22      EV: 21    Int: 12    God:    Ashenzari [*****.]
Gold:   1014       SH:  0    Dex: 22    Spells: 1/25 levels left

rFire    + . .     SeeInvis +   l - +7 lajatang of Dissent {slice, Dex+3}
rCold    + + .     Gourm    .   (shield currently unavailable)
rNeg     . . .     Faith    .   K - +2 robe {rC+ rF+}
rPois    .         Spirit   .   Z - +0 helmet
rElec    .         Reflect  .   y - +0 cloak
rCorr    +         Harm     .   a - +0 pair of gloves
MR       .....     Clarity  +   (no boots)
Stlth    ++++......             f - amulet of rage
HPRegen  0.26/turn              m - ring of resist corrosion (curse)
MPRegen  0.18/turn              w - ring of protection from cold (curse)

@: no status effects
A: distributed training, fangs 1, strong nose
a: Curse Item, Scrying, Renounce Religion, Evoke Berserk Rage


You were on level 2 of the Orcish Mines.
You worshipped Ashenzari.
Ashenzari was extremely pleased with you.
You were not hungry.

You visited 3 branches of the dungeon, and saw 15 of its levels.
You also visited: Labyrinth.

You collected 1091 gold pieces.
You spent 77 gold pieces at shops.

Inventory:

Hand Weapons
 l - the +7 lajatang of Dissent (weapon) {slice, Dex+3}
   (You found it in a labyrinth)

   It inflicts extra damage upon your enemies.
   It affects your dexterity (+3).
 I - a +0 blowgun
Missiles
 z - 5 curare-tipped needles
 P - 3 throwing nets
Armour
 a - a +0 pair of gloves (worn)
 y - a +0 cloak (worn)
 K - a +2 robe of resistance (worn)
 Z - a +0 helmet (worn)
Magical Staves
 T - an uncursed staff of wizardry
Jewellery
 f - an amulet of rage (around neck)
 m - a cursed ring of resist corrosion (left hand)
 s - an uncursed amulet of harm
 t - an uncursed ring of protection from fire
 w - a cursed ring of protection from cold (right hand)
 D - the ring of Shadows {Umbra +Inv Stlth+}
   (You found it in a labyrinth)

   [ring of stealth]

   It lets you turn invisible.
   It makes you more stealthy.
 Q - a +3 ring of protection
 R - the ring "Daediex" {rF+++ rC- Int+6 Stlth+}
   (You found it in a labyrinth)

   [ring of stealth]

   It affects your intelligence (+6).
   It renders you almost immune to fire.
   It makes you vulnerable to cold.
   It makes you more stealthy.
Wands
 g - a wand of paralysis (8/24)
 o - a wand of enslavement (0/24)
 C - a wand of iceblast (10/15)
Scrolls
 b - 7 scrolls of recharging {!r}
 e - 4 scrolls of remove curse {!r}
 h - 2 scrolls of fear {!r}
 i - 6 scrolls of enchant weapon {!r}
 n - 3 scrolls of blinking {!r}
 A - 6 scrolls of teleportation {!r}
 F - 4 scrolls of fog {!r}
 J - 2 scrolls of identify {!r}
 M - 2 scrolls of magic mapping {!r}
 N - a scroll of vulnerability {!r}
Potions
 d - a potion of mutation {!q, unknown}
 j - 3 potions of curing {!q}
 k - 5 potions of brilliance {!q}
 p - 2 potions of heal wounds {!q, unknown}
 q - a potion of flight {!q, unknown}
 u - a potion of might {!q}
 x - 3 potions of lignification {!q, unknown}
 B - a potion of berserk rage {!q, unknown}
 G - a potion of agility {!q, unknown}
 O - 3 potions of magic {!q, unknown}
 U - a potion of haste {!q}
 W - a potion of resistance {!q}
Books
 r - a book of Dreams

   Spells                             Type                      Level
   a - Ensorcelled Hibernation        Hexes/Ice                    2
   b - Silence                        Hexes/Air                    5
   c - Darkness                       Hexes                        6
   d - Shadow Creatures               Summoning                    6
 L - Qajeum's Catalogue of Twisted Attacks
   (You found it in a labyrinth)

   Spells                             Type                      Level
   a - Conjure Flame                  Conjuration/Fire             3
   b - Vampiric Draining              Necromancy                   3
   c - Iskenderun's Mystic Blast      Conjuration                  4
   d - Agony                          Necromancy                   5
   e - Cigotuvi's Embrace             Necromancy                   5
 V - a book of Minor Magic

   Spells                             Type                      Level
   a - Magic Dart                     Conjuration                  1
   b - Blink                          Translocation                2
   c - Call Imp                       Summoning                    2
   d - Slow                           Hexes                        2
   e - Conjure Flame                  Conjuration/Fire             3
   f - Mephitic Cloud                 Conjuration/Poison/Air       3
Miscellaneous
 S - 2 boxes of beasts
Comestibles
 c - 7 bread rations
 v - 3 meat rations
 X - a royal jelly


   Skills:
 + Level 9.8 Fighting
 + Level 7.2 Short Blades
 + Level 7.2 Long Blades
 + Level 7.2 Axes
 + Level 7.2 Maces & Flails
 + Level 9.8 Polearms
 + Level 7.2 Staves
 + Level 7.2 Slings
 + Level 7.2 Bows
 + Level 7.2 Crossbows
 + Level 7.2 Throwing
 + Level 7.2 Armour
 + Level 9.8 Dodging
 + Level 8.4 Stealth
 + Level 7.2 Shields
 + Level 7.2 Unarmed Combat
 + Level 7.2 Spellcasting
 + Level 7.2(10.0) Conjurations
 + Level 7.2(10.0) Hexes
 + Level 7.2(10.0) Charms
 + Level 7.2(10.0) Summonings
 + Level 7.2(10.0) Necromancy
 + Level 7.2(10.0) Translocations
 + Level 7.2(10.0) Transmutations
 + Level 7.2(10.0) Fire Magic
 + Level 7.2(10.0) Ice Magic
 + Level 7.2(10.0) Air Magic
 + Level 7.2(10.0) Earth Magic
 + Level 7.2(10.0) Poison Magic
 + Level 7.2 Invocations
 + Level 7.2(10.0) Evocations


You had one spell level left.
You knew the following spells:

 Your Spells              Type           Power        Failure   Level  Hunger
b - Ozocubu's Armour      Chrm/Ice       ####....     1%          3    ###....
c - Agony                 Necr           ####....     7%          5    ######.
d - Shadow Creatures      Summ           N/A          36%         6    #######
e - Confuse               Hex            ####....     1%          3    ###....
t - Silence               Hex/Air        ####......   7%          5    ######.
v - Blink                 Tloc           N/A          1%          2    #......


Dungeon Overview and Level Annotations

Branches:
Dungeon (12/15)            Temple (1/1) D:4             Orc (2/2) D:10
   Lair: D:8-11         Elf: Orc:2

Altars:
Ashenzari
Cheibriados
Dithmenos
Elyvilon
Fedhas
Gozag
Kikubaaqudgha
Makhleb
Nemelex Xobeh
Okawaru
Ru
Sif Muna
Vehumet
Wu Jian
Xom
Yredelemnul
Zin
The Shining One

Shops:
D:4 !   D:12 [   Orc:1 [

Annotations:
D:8 Erica
Orc:2 Nessos, Snorg


Innate Abilities, Weirdness & Mutations

Your experience applies equally to all skills.
You have very sharp teeth.
Your uncanny sense of smell can sniff out nearby items.


Message History

You easily resist.
You hear a shout!
The orc wizard barely misses you.
Casting: Ozocubu's Armour
Confirm with . or Enter, or press ? or * to list all spells.
You blink.
An orc warrior comes into view. It is wielding a flail.
Snorg rages.
The orc wizard mumbles some strange words.
The orc wizard blinks!
The orc barely misses you.
Your icy armour evaporates.
The orc barely misses you. x2
An orc priest comes into view. It is wielding a club.
The orc warrior hits you with a flail!
* * * LOW HITPOINT WARNING * * *
A warg comes into view.
There is a stone staircase leading up here.
Casting: Blink
Confirm with . or Enter, or press ? or * to list all spells.
You blink.
The orc wizard casts a spell.
The orc wizard blinks!
Found an escape hatch in the ceiling.
The warg barely misses you. The orc wizard casts a spell at you.
The magic dart hits you!
* * * LOW HITPOINT WARNING * * *
The warg closely misses you.
Found a stone staircase leading up.
Snorg rages.
An orc comes into view. It is wielding a trident.
The orc shouts!
Found 48 gold pieces.
The warg bites you but does no damage.
You hear a shout! x2
Found 34 gold pieces.
Snorg rages.
You hear a shout! x2
Casting: Blink
Confirm with . or Enter, or press ? or * to list all spells.
You blink.
You hear a shout!
Snorg is no longer berserk.
The orc warrior closely misses you. The warg completely misses you.
The orc completely misses you. The warg bites you!
* * * LOW HITPOINT WARNING * * *
The orc hits you but does no damage.
You slice the orc warrior!!
The orc warrior is almost dead.
The orc completely misses you. The warg completely misses you.
The orc hits you with a whip.
* * * LOW HITPOINT WARNING * * *
The orc warrior completely misses you. The orc hits you but does no damage.
The orc hits you.
* * * LOW HITPOINT WARNING * * *
The orc misses you.
The orc wizard mumbles some strange words.
The orc wizard seems to speed up.
The warg misses you. The orc barely misses you.
The orc warrior completely misses you. The orc closely misses you.
An orc wizard comes into view. It is wielding a dagger.
The orc wizard gestures wildly while chanting.
The orc wizard blinks!
The warg bites you!!
You die...

....................##*## ,,,,
*........o....##...$..##....,
*......<......#...$........#*
............#............#* *,
* *#.........#...)..........##
, *
.....<.....$o.......#.$...#.
.....#......oo[............. ,,
.........#..To....<)........ ,
#..........oooh@.....)..##,* ,,
#........#$..o........(#####*,
...............).).....#/..##**
........$.....).).....))...#
,.........#.........#[#)..## ,
..........$.........######
,,,..................##, * ,,
..#...$..$........, * ,
,,,.............#.. *


You could see Snorg, a warg, an orc warrior, an orc priest, an orc wizard and 6
orcs.

Vanquished Creatures
  A minotaur (Lab)
  Josephine (D:10)
  Harold (D:10)
  4 two-headed ogres
  Sonja (D:12)
  An orc knight (Orc:1)
  Maurice (D:8)
  A gargoyle (D:11)
  3 trolls
  A hornet (D:12)
  3 hippogriffs
  3 slime creatures (D:12)
  A vampire (D:12)
  4 wraiths (D:10)
  Grum (D:11)
  6 yaks
  Eustachio (D:4)
  9 hungry ghosts
  A steam dragon (D:7)
  13 ogres
  2 wargs (Orc:1)
  A water moccasin (D:10)
  An ice beast (D:5)
  8 orc warriors
  A swamp drake (D:10)
  4 sky beasts
  A necrophage (D:11)
  A black bear (D:6)
  A phantom (D:12)
  3 centaurs
  A big kobold (D:11)
  7 bullfrogs
  A water moccasin zombie (D:12)
  3 scorpions
  9 killer bees
  3 wights (D:9)
  2 electric eels (D:12)
  3 howler monkeys
  6 crimson imps
  A centaur zombie (D:5)
  A jelly (D:10)
  4 hounds
  13 orc priests
  3 bullfrog skeletons
  19 orc wizards
  A centaur skeleton (D:7)
  Jessica (D:3)
  An iguana (D:5)
  Ijyb (D:4)
  4 worker ants
  3 hound skeletons
  A worker ant zombie (D:5)
  3 gnolls (D:8)
  6 adders
  A shadow imp (D:5)
  An ooze (D:3)
  An adder zombie (D:8)
  2 adder skeletons
  4 worms
  A dart slug (D:1)
  4 leopard geckos
  62 orcs
  4 giant cockroaches
  2 gnoll zombies (D:7)
  7 hobgoblins
  8 jackals
  4 quokkas
  5 ball pythons
  4 bats
  6 frilled lizards
  6 goblins
  A jackal skeleton (D:5)
  8 kobolds
  A leopard gecko skeleton (D:8)
  A leopard gecko zombie (D:5)
  2 quokka skeletons (D:9)
  A quokka zombie (D:5)
  5 rats
318 creatures vanquished.

Vanquished Creatures (collateral kills)
  Sigmund (D:4)
  An orc warrior (Orc:2)
  3 wolves (D:11)
  5 killer bees
  A bullfrog zombie (D:10)
  2 orcs (Orc:2)
13 creatures vanquished.

Vanquished Creatures (others)
  2 orc warriors (Orc:2)
  2 orcs (D:8)
4 creatures vanquished.

Grand Total: 335 creatures vanquished

Notes
Turn   | Place    | Note
-------+----------+-------------------------------------------
     0 | D:1      | Amnesiac the Gnoll Monk began the quest for the Orb.
     0 | D:1      | Reached XP level 1. HP: 23/23 MP: 1/1
   453 | D:4      | Noticed an ogre
   491 | D:4      | Reached XP level 2. HP: 29/29 MP: 2/2
   614 | D:4      | Noticed Sigmund
   656 | D:4      | Noticed an ogre
   734 | D:4      | Killed Sigmund
   734 | D:4      | Reached skill level 1 in Short Blades
   734 | D:4      | Reached skill level 1 in Long Blades
   734 | D:4      | Reached skill level 1 in Axes
   734 | D:4      | Reached skill level 1 in Maces & Flails
   734 | D:4      | Reached skill level 1 in Staves
   734 | D:4      | Reached skill level 1 in Slings
   734 | D:4      | Reached skill level 1 in Bows
   734 | D:4      | Reached skill level 1 in Crossbows
   734 | D:4      | Reached skill level 1 in Throwing
   734 | D:4      | Reached skill level 1 in Armour
   734 | D:4      | Reached skill level 1 in Shields
   734 | D:4      | Reached skill level 1 in Unarmed Combat
   734 | D:4      | Reached skill level 1 in Spellcasting
   734 | D:4      | Reached skill level 1 in Conjurations
   734 | D:4      | Reached skill level 1 in Hexes
   734 | D:4      | Reached skill level 1 in Charms
   734 | D:4      | Reached skill level 1 in Summonings
   734 | D:4      | Reached skill level 1 in Necromancy
   734 | D:4      | Reached skill level 1 in Translocations
   734 | D:4      | Reached skill level 1 in Transmutations
   734 | D:4      | Reached skill level 1 in Fire Magic
   734 | D:4      | Reached skill level 1 in Ice Magic
   734 | D:4      | Reached skill level 1 in Air Magic
   734 | D:4      | Reached skill level 1 in Earth Magic
   734 | D:4      | Reached skill level 1 in Poison Magic
   734 | D:4      | Reached skill level 1 in Invocations
   734 | D:4      | Reached skill level 1 in Evocations
   734 | D:4      | Reached XP level 3. HP: 35/35 MP: 2/4
   734 | D:4      | Reached XP level 4. HP: 41/41 MP: 2/5
   738 | D:4      | Killed an ogre
   738 | D:4      | Reached XP level 5. HP: 47/47 MP: 2/7
   786 | D:4      | Found a staircase to the Ecumenical Temple.
   790 | D:4      | Noticed Ijyb
   795 | Temple   | Entered the Ecumenical Temple
  1322 | D:4      | Killed Ijyb
  1337 | Temple   | Became a worshipper of Ashenzari the Shackled
  1337 | Temple   | Reached * piety under Ashenzari
  1337 | Temple   | Reached ** piety under Ashenzari
  1351 | D:4      | Found Ytill's Distillery.
  1358 | D:4      | Bought a potion of curing for 33 gold pieces
  1358 | D:4      | Bought a potion of might for 44 gold pieces
  1425 | D:3      | Noticed Jessica
  1442 | D:3      | Killed Jessica
  2087 | D:1      | Reached XP level 6. HP: 53/53 MP: 8/8
  3585 | D:3      | Found a faded altar of an unknown god.
  3612 | D:4      | Reached *** piety under Ashenzari
  3939 | D:4      | Reached XP level 7. HP: 59/59 MP: 10/10
  4077 | D:4      | Noticed Eustachio
  4097 | D:4      | Killed Eustachio
  4137 | D:4      | Reached skill level 5 in Stealth
  4204 | D:5      | Entered Level 5 of the Dungeon
  4344 | D:5      | Reached XP level 8. HP: 39/67 MP: 12/12
  4385 | D:5      | Found a sparkling altar of Nemelex Xobeh.
  4955 | D:5      | Learned a level 3 spell: Confuse
  5441 | D:6      | Reached XP level 9. HP: 66/72 MP: 9/14
  5859 | D:6      | Found an opulent altar of Gozag.
  5859 | D:6      | Found a glowing golden altar of the Shining One.
  6010 | D:7      | Found a basalt altar of Yredelemnul.
  6033 | D:7      | Reached **** piety under Ashenzari
  6259 | D:7      | Got the uncursed chain mail of Hiatt {Int+2}
  6281 | D:7      | Identified the +5 chain mail of Hiatt {Int+2} (You found it on level 7 of the Dungeon)
  6346 | D:8      | Noticed a two-headed ogre
  6403 | D:8      | Noticed Maurice
  6441 | D:8      | Killed Maurice
  6892 | D:8      | Killed a two-headed ogre
  6892 | D:8      | Reached XP level 10. HP: 64/80 MP: 12/17
  7059 | D:8      | Noticed Erica
  7414 | D:9      | Reached skill level 5 in Short Blades
  7414 | D:9      | Reached skill level 5 in Long Blades
  7414 | D:9      | Reached skill level 5 in Axes
  7414 | D:9      | Reached skill level 5 in Maces & Flails
  7414 | D:9      | Reached skill level 5 in Staves
  7414 | D:9      | Reached skill level 5 in Slings
  7414 | D:9      | Reached skill level 5 in Bows
  7414 | D:9      | Reached skill level 5 in Crossbows
  7414 | D:9      | Reached skill level 5 in Throwing
  7414 | D:9      | Reached skill level 5 in Armour
  7414 | D:9      | Reached skill level 5 in Shields
  7414 | D:9      | Reached skill level 5 in Unarmed Combat
  7414 | D:9      | Reached skill level 5 in Spellcasting
  7414 | D:9      | Reached skill level 5 in Conjurations
  7414 | D:9      | Reached skill level 5 in Hexes
  7414 | D:9      | Reached skill level 5 in Charms
  7414 | D:9      | Reached skill level 5 in Summonings
  7414 | D:9      | Reached skill level 5 in Necromancy
  7414 | D:9      | Reached skill level 5 in Translocations
  7414 | D:9      | Reached skill level 5 in Transmutations
  7414 | D:9      | Reached skill level 5 in Fire Magic
  7414 | D:9      | Reached skill level 5 in Ice Magic
  7414 | D:9      | Reached skill level 5 in Air Magic
  7414 | D:9      | Reached skill level 5 in Earth Magic
  7414 | D:9      | Reached skill level 5 in Poison Magic
  7414 | D:9      | Reached skill level 5 in Invocations
  7414 | D:9      | Reached skill level 5 in Evocations
  7836 | D:9      | Got the long sword of Pride {vamp, rElec rN+ Stlth-}
  8480 | D:9      | Learned a level 3 spell: Ozocubu's Armour
  8485 | D:9      | Learned a level 4 spell: Summon Ice Beast
  8794 | D:8      | Noticed a two-headed ogre
  8826 | D:8      | Killed a two-headed ogre
  8840 | D:8      | Found a burning altar of Makhleb.
  8847 | D:8      | Found a deep blue altar of Sif Muna.
  8859 | D:8      | Found a sacrificial altar of Ru.
  8864 | D:8      | Found an iron altar of Okawaru.
  8865 | D:8      | Found a snail-covered altar of Cheibriados.
  8937 | D:10     | Entered Level 10 of the Dungeon
  9145 | D:9      | Reached XP level 11. HP: 53/87 MP: 15/19
  9783 | D:10     | Noticed Josephine
  9898 | D:12     | Found Cimeopod's Antique Armour Boutique.
  9901 | D:12     | Found a labyrinth entrance.
  9908 | Lab      | Entered a labyrinth
 10633 | Lab      | Noticed a minotaur
 10634 | Lab      | Found the ring of Shadows {Umbra +Inv Stlth+}
 10646 | Lab      | Killed a minotaur
 10651 | Lab      | Identified Qajeum's Catalogue of Twisted Attacks
 10652 | Lab      | Identified the ring "Daediex" {rF+++ rC- Int+6 Stlth+}
 10656 | Lab      | Got the lajatang of Dissent {slice, Dex+3}
 10669 | D:12     | Identified the +7 lajatang of Dissent {slice, Dex+3} (You found it in a labyrinth)
 11351 | D:12     | Noticed Sonja
 11360 | D:12     | Killed Sonja
 11373 | D:12     | Learned a level 5 spell: Silence
 11379 | D:12     | Learned a level 5 spell: Agony
 11387 | D:12     | Learned a level 6 spell: Shadow Creatures
 11676 | D:11     | Noticed Grum
 11693 | D:11     | Killed Grum
 11727 | D:11     | Noticed a two-headed ogre
 11752 | D:11     | Killed a two-headed ogre
 11906 | D:11     | Reached ***** piety under Ashenzari
 12010 | D:11     | Reached XP level 12. HP: 84/96 MP: 15/22
 12212 | D:10     | Noticed Harold
 12322 | D:10     | Killed Harold
 12328 | D:10     | Killed Josephine
 12666 | D:10     | Found a staircase to the Orcish Mines.
 12958 | Orc:1    | Entered Level 1 of the Orcish Mines
 13087 | Orc:1    | Found Seoha's Armour Emporium.
 13316 | Orc:1    | Learned a level 2 spell: Blink
 13339 | Orc:2    | Entered Level 2 of the Orcish Mines
 13354 | Orc:2    | Noticed Nessos
 13362 | Orc:2    | Noticed a two-headed ogre
 13399 | Orc:2    | Killed a two-headed ogre
 13404 | Orc:2    | Noticed Snorg
 13449 | Orc:2    | Slain by a warg

Vault maps used:
D:1:      co_arrival_square_in_a_square_in_a_square, amethyst_killhole
D:2:      first_bread, minmay_snake_closets
D:3:      chequers_ecumenical_altar_twisty, uniq_jessica
D:4:      temple_fountains, serial_shops, shop, uniq_eustachio, uniq_sigmund,
          uniq_ijyb
D:5:      overflow_temple_1_default
D:6:      gammafunk_temple_overflow_wave, grunt_decor_arrowhead,
          serial_park_tiny_2
D:7:      lemuel_zombie_altar_yredelemnul
D:8:      minitemple, kennysheep_generic_room_9, uniq_maurice, uniq_erica
D:10:     erik_orc_1, uniq_harold, uniq_josephine
D:11:     lair_entry_dummy, uniq_grum
D:12:     lab_entry_generic, serial_shops, nicolae_shop_behind_doors,
          hangedman_little_slice_of_home, minivault_4, uniq_sonja
Temple:   cyrus_circular_temple
Orc:1:    serial_shops, nicolae_shop_stone, uniq_erolcha
Orc:2:    grunt_orc_tribal_feast, uniq_snorg, uniq_nessos
Lab:      nicolae_lab_big_swirl, nicolae_lab_swirl, lab_statue,
          nicolae_lab_arrow, nicolae_lab_x

Skill      XL: |  1  2  3  4  5  6  7  8  9 10 11 12 |
---------------+-------------------------------------+-----
Short Blades   | 1 2 3 4 5 6 7 |  7.2
Long Blades    | 1 2 3 4 5 6 7 |  7.2
Axes           | 1 2 3 4 5 6 7 |  7.2
Maces & Flails | 1 2 3 4 5 6 7 |  7.2
Staves         | 1 2 3 4 5 6 7 |  7.2
Slings         | 1 2 3 4 5 6 7 |  7.2
Bows           | 1 2 3 4 5 6 7 |  7.2
Crossbows      | 1 2 3 4 5 6 7 |  7.2
Throwing       | 1 2 3 4 5 6 7 |  7.2
Armour         | 1 2 3 4 5 6 7 |  7.2
Shields        | 1 2 3 4 5 6 7 |  7.2
Unarmed Combat | 1 2 3 4 5 6 7 |  7.2
Spellcasting   | 1 2 3 4 5 6 7 |  7.2
Conjurations   | 1 2 3 4 5 6 7 |  7.2
Hexes          | 1 2 3 4 5 6 7 |  7.2
Charms         | 1 2 3 4 5 6 7 |  7.2
Summonings     | 1 2 3 4 5 6 7 |  7.2
Necromancy     | 1 2 3 4 5 6 7 |  7.2
Translocations | 1 2 3 4 5 6 7 |  7.2
Transmutations | 1 2 3 4 5 6 7 |  7.2
Fire Magic     | 1 2 3 4 5 6 7 |  7.2
Ice Magic      | 1 2 3 4 5 6 7 |  7.2
Air Magic      | 1 2 3 4 5 6 7 |  7.2
Earth Magic    | 1 2 3 4 5 6 7 |  7.2
Poison Magic   | 1 2 3 4 5 6 7 |  7.2
Invocations    | 1 2 3 4 5 6 7 |  7.2
Evocations     | 1 2 3 4 5 6 7 |  7.2
Fighting       | 7 8 9 |  9.8
Polearms       | 7 8 9 |  9.8
Dodging        | 7 8 9 |  9.8
Stealth        | 5 6 7 8 |  8.4

Action                   |  1- 3 |  4- 6 |  7- 9 | 10-12 || total
-------------------------+-------+-------+-------+-------++-------
Melee: Spear             |    31 |   227 |   185 |       ||   443
       Bite              |     3 |    18 |    53 |    92 ||   166
       Punch             |       |     2 |     7 |     6 ||    15
       Dagger            |       |    10 |       |       ||    10
       Trident           |       |       |   253 |   446 ||   699
       Lajatang          |       |       |       |   288 ||   288
 Cast: Confuse           |       |       |    34 |   131 ||   165
       Ozocubu's Armour  |       |       |       |     4 ||     4
       Shadow Creatures  |       |       |       |     5 ||     5
       Blink             |       |       |       |     5 ||     5
Invok: Curse Item        |       |     2 |       |       ||     2
Evoke: Wand              |     3 |     6 |    16 |     5 ||    30
  Use: Potion            |       |     1 |       |       ||     1
       Scroll            |       |       |       |    16 ||    16
 Stab: Sleeping          |     2 |    10 |    13 |    13 ||    38
       Confused          |       |       |    21 |    71 ||    92
       Paralysed         |       |       |       |    13 ||    13
       Distracted        |       |       |       |     3 ||     3
  Eat: Chunk             |       |    10 |    13 |    21 ||    44
       Royal jelly       |       |       |       |     5 ||     5
       Fruit             |       |       |       |     4 ||     4
       Meat ration       |       |       |       |     3 ||     3
Armor: Ring mail         |     2 |    44 |    65 |       ||   111
       Robe              |     2 |       |     7 |    95 ||   104
Dodge: Dodged            |    14 |    87 |   278 |   579 ||   958

Table legend:
 A = Spawn XP
 B = Non-spawn XP
 C = Spawn XP percentage of total XP
 D = Spawn monster count
 E = Non-spawn monster count
 F = Spawn count percentage of total count
 G = Total turns spent on level
                    A         B        C        D         E        F      G
               +---------+---------+-------+---------+---------+-------+---------
         Total |       0 |   25641 |   0.0 |       0 |     332 |   0.0 | 13449
               +---------+---------+-------+---------+---------+-------+---------
           D:1 |       0 |      25 |   0.0 |       0 |      17 |   0.0 |  1159
           D:2 |       0 |      61 |   0.0 |       0 |      21 |   0.0 |   988
           D:3 |       0 |     102 |   0.0 |       0 |      17 |   0.0 |   455
           D:4 |       0 |     832 |   0.0 |       0 |      20 |   0.0 |  1098
           D:5 |       0 |     679 |   0.0 |       0 |      35 |   0.0 |   772
           D:6 |       0 |     870 |   0.0 |       0 |      18 |   0.0 |   951
           D:7 |       0 |     396 |   0.0 |       0 |       8 |   0.0 |   424
           D:8 |       0 |    3954 |   0.0 |       0 |      26 |   0.0 |  1461
           D:9 |       0 |    2329 |   0.0 |       0 |      25 |   0.0 |  1383
          D:10 |       0 |    4543 |   0.0 |       0 |      38 |   0.0 |  1385
          D:11 |       0 |    3224 |   0.0 |       0 |      37 |   0.0 |   676
          D:12 |       0 |    2793 |   0.0 |       0 |      20 |   0.0 |   947
         Orc:1 |       0 |    1826 |   0.0 |       0 |      20 |   0.0 |   381
         Orc:2 |       0 |    1404 |   0.0 |       0 |      21 |   0.0 |   110
           Lab |       0 |    2603 |   0.0 |       0 |       9 |   0.0 |   755
               +---------+---------+-------+---------+---------+-------+---------
